 Dungeon Crawl Stone Soup version 0.27-a0-1082-g8197cba (webtiles) character file.

Game seed: 15409769497759360304

124901 GeorgeSoros the Gelid (level 16, -19/122 HPs)
             Began as a Merfolk Ice Elementalist on Apr 25, 2021.
             Was the Champion of Qazlal.
             Killed from afar by Aizul (41 damage)
             ... with a poison arrow
             ... on level 1 of the Snake Pit.
             The game lasted 02:06:39 (33913 turns).

GeorgeSoros the Gelid (Merfolk Ice Elementalist)   Turns: 33913, Time: 02:06:39

Health: -19/122    AC: 12    Str: 14    XL:     16   Next: 94%
Magic:  26/26      EV: 22    Int: 20    God:    Qazlal [******]
Gold:   936        SH: 14    Dex: 14    Spells: 7/25 levels left

rFire    + . .     SeeInvis .   a - +4 trident (protect)
rCold    + + .     Faith    .   H - +1 buckler
rNeg     + + +     Spirit   .   k - +3 leather armour {rC+}
rPois    .         Reflect  .   C - +1 helmet
rElec    .         Harm     .   J - scarf {rC+ rF+}
rCorr    .         Rampage  .   c - +1 pair of gloves
Will     +++..     Clarity  +   n - +1 pair of boots
Stlth    +.........             t - amulet of the Four Winds {rN+ Will+++ Clar}
HPRegen  0.30/turn              Z - ring of Accord {rN+++ Will- EV+4 Str+4 Slay+3}
MPRegen  0.20/turn              u - ring of wizardry

@: lethally poisoned (-19 -> -55), about to teleport, repel missiles
A: (nimble swimmer 2), mertail
a: Renounce Religion, Upheaval, Elemental Force, Disaster Area


You were on level 1 of the Snake Pit.
You worshipped Qazlal.
Qazlal was exalted by your worship.
You visited 6 branches of the dungeon, and saw 26 of its levels.
You also visited: Volcano.

You collected 3722 gold pieces.
You spent 2786 gold pieces at shops.

Inventory:

Hand Weapons
 a - a +4 trident of protection (weapon)
 b - the +5 war axe "Beetle's Demise" {flame, *Rage rC+ MP+9}
   (You found it on level 4 of the Dungeon)

   It has been specially enchanted to burn those struck by it, causing extra
   injury to most foes and up to half again as much damage against particularly
   susceptible opponents.
   Big, fiery blades are also staple armaments of hydra-hunters.
   It protects you from cold.
   It affects your magic capacity (+9).
   It may make you go berserk in combat.
Missiles
 e - 109 poisoned darts
 p - 4 throwing nets
 V - 7 curare-tipped darts
Armour
 c - a +1 pair of gloves (worn)
 k - a +3 leather armour of cold resistance (worn)
 n - a +1 pair of boots (worn)
 C - a +1 helmet (worn)
 H - a +1 buckler (worn)
 J - a scarf of resistance (worn)
Jewellery
 d - a ring of flight
 h - a +4 ring of evasion
 t - the amulet of the Four Winds (around neck) {rN+ Will+++ Clar}
   (You bought it in a shop on level 2 of the Orcish Mines)

   [amulet of nothing]

   It protects you from negative energy.
   It protects you against confusion.
   It greatly increases your willpower.
 u - a ring of wizardry (right hand)
 v - the amulet of Umapt {Acrobat rElec rCorr}
   (You bought it in a shop on level 2 of the Orcish Mines)

   [amulet of the acrobat]

   It increases your evasion while moving and waiting.
   It insulates you from electricity.
   It protects you from acid and corrosion.
 y - a ring of see invisible
 B - a +6 ring of strength
 M - a ring of poison resistance
 N - an amulet of magic regeneration
 Y - an amulet of reflection
 Z - the ring of Accord (left hand) {rN+++ Will- EV+4 Str+4 Slay+3}
   (You found it on level 13 of the Dungeon)

   [ring of evasion]

   It affects your evasion (+4).
   It affects your strength (+4).
   It affects your accuracy and damage with ranged weapons and melee attacks
   (+3).
   It renders you almost immune to negative energy.
   It decreases your willpower.
Wands
 i - a wand of digging (3)
 l - a wand of acid (33)
 A - a wand of polymorph (22)
 F - a wand of flame (83)
 O - a wand of paralysis (18)
 T - a wand of mindburst (38)
 U - a wand of charming (10)
 W - a wand of iceblast (9)
Scrolls
 g - 2 scrolls of magic mapping
 o - 9 scrolls of teleportation
 r - 4 scrolls of identify
 w - 4 scrolls of immolation
 R - 4 scrolls of blinking
 S - 4 scrolls of fear
 X - a scroll of fog
Potions
 f - 4 potions of curing
 j - 4 potions of magic
 m - 8 potions of brilliance
 s - 4 potions of ambrosia
 x - 3 potions of invisibility
 z - 2 potions of cancellation
 D - 12 potions of heal wounds
 G - 5 potions of might
 I - a potion of resistance
 L - 2 potions of haste
 P - a potion of berserk rage
Miscellaneous
 q - a lightning rod (4/4)
 Q - a phial of floods


   Skills:
 - Level 10.0 Fighting
 - Level 14.2 Polearms
 + Level 14.2 Dodging
 - Level 2.1 Stealth
 - Level 4.6 Shields
 + Level 5.3 Spellcasting
 - Level 8.1 Hexes
 + Level 16.6 Ice Magic
 - Level 14.0 Invocations
 - Level 7.0 Evocations


You had 7 spell levels left.
You knew the following spells:

 Your Spells              Type           Power      Damage    Failure   Level
a - Freeze                Ice            100%       1d11      0%          1
b - Frozen Ramparts       Ice            100%       1d12      1%          3
c - Ozocubu's Armour      Ice            64%        N/A       1%          3
d - Cause Fear            Hex            18%        N/A       1%          4
e - Ozocubu's Refrigerat  Ice            32%        4d11      5%          7

Your spell library contained the following spells:

 Spells                   Type           Power      Damage    Failure   Level
 Corona                   Hex            41%        N/A       1%          1
 Slow                     Hex            37%        N/A       1%          2
 Hailstorm                Conj/Ice       38%        3d9       1%          4
 Ice Form                 Ice/Tmut       38%        N/A       1%          4
 Summon Ice Beast         Ice/Summ       38%        N/A       1%          4
 Metabolic Englaciation   Hex/Ice        26%        N/A       1%          5
 Inner Flame              Hex/Fire       21%        N/A       3%          3
 Portal Projectile        Hex/Tloc       42%        N/A       3%          3
 Animate Skeleton         Necr           10%        N/A       6%          1
 Apportation              Tloc           10%        N/A       6%          1
 Foxfire                  Conj/Fire      20%        2x1d5     6%          1
 Magic Dart               Conj           20%        1d4       6%          1
 Sting                    Tmut/Pois      20%        1d4       6%          1
 Summon Small Mammal      Summ           20%        N/A       6%          1
 Blink                    Tloc           N/A        N/A       9%          2
 Call Imp                 Summ           5%         N/A       9%          2
 Leda's Liquefaction      Hex/Erth       10%        N/A       11%         4
 Conjure Flame            Conj/Fire      5%         6-21      16%         3
 Mephitic Cloud           Conj/Pois/Air  5%         N/A       16%         3
 Spider Form              Tmut/Pois      2%         N/A       16%         3
 Simulacrum               Ice/Necr       19%        N/A       26%         6
 Olgreb's Toxic Radiance  Pois           5%         N/A       45%         4
 Sticky Flame             Conj/Fire      5%         2d3       45%         4
 Freezing Cloud           Conj/Ice/Air   13%        6-21      63%         6
 Bolt of Magma            Conj/Fire/Erth 2%         4d4       80%         5
 Fireball                 Conj/Fire      2%         3d4       80%         5
 Irradiate                Conj/Tmut      2%         3d14      80%         5
 Iskenderun's Battlesphe  Conj           5%         2d6       80%         5
 Blade Hands              Tmut           2%         N/A       100%        6
 Iron Shot                Conj/Erth      2%         9d2       100%        6
 Statue Form              Tmut/Erth      3%         N/A       100%        6
 Dragon Form              Tmut           2%         N/A       100%        7
 Orb of Destruction       Conj           2%         9d1       100%        7
 Spellforged Servitor     Conj/Summ      2%         N/A       100%        7


Dungeon Overview and Level Annotations

Branches:
Dungeon (14/15)            Temple (1/1) D:7            Lair (6/6) D:10
  Swamp (2/4) Lair:4        Snake (1/4) Lair:3        Slime (0/5) Lair:5
    Orc (2/2) D:12            Elf (0/3) Orc:2        Vaults (0/5) D:14
Volcano (visited)

Altars:
Ashenzari
Cheibriados
Dithmenos
Elyvilon
Fedhas
Gozag
Hepliaklqana
Kikubaaqudgha
Makhleb
Nemelex Xobeh
Okawaru
Qazlal
Ru
Sif Muna
Trog
Uskayaw
Vehumet
Wu Jian
Xom
Yredelemnul
Zin
The Shining One
Beogh
Jiyva
Lugonu

Shops:
D:6 ?   D:13 =(?*:   D:14 *   Orc:2 :=**   Snake:1 (

Portals:
Trove: D:11 (give +6 demon whip)

Annotations:
D:5 2 runed translucent doors, Caerwyn's ghost, amateur DjFE
D:8 exclusion: statue
Lair:3 exclusion: oklob plant
Lair:4 exclusion: oklob plant
Lair:5 1 runed translucent door
Snake:1 Aizul; Jorgrun


Innate Abilities, Weirdness & Mutations

((You are quick and stealthy near water. (Stealth+, EV+, Speed+++)))
Your lower body shifts to a powerful aquatic tail in water.


Message History

The naga spits poison at you.
The splash of poison is repelled.
Casting: Frozen Ramparts (safe; 1% risk of failure)
Confirm with . or Enter, or press ? or * to list all spells.
A film of ice covers your body!
The wall freezes the naga!
You reach to attack!
You puncture the naga!
Your weapon exudes an aura of protection.
The naga is severely wounded.
You reach to attack!
You hit the naga.
You kill the naga!
Qazlal accepts your kill.
The frozen ramparts melt away.
Your icy armour cracks and falls away as you move.
You see here a +0 war axe.
Found an escape hatch in the floor.
There is an escape hatch in the floor here.
You hear a shout! x2
You hear a shout!
Jorgrun Earthshaker comes into view.
He is wielding a +0 vorpal quarterstaff and wearing a +0 robe of fire resistance.
Aiming: Corrosive Bolt
Press: ? - help, Shift-Dir - straight line, f - you
Okay, then.
Aizul the Neglectful Guardian comes into view.
Jorgrun points at you and mumbles some strange words.
The wall shatters!
The blast of rock fragments hits you!!
Aizul is engulfed in freezing vapours.
Aizul casts a spell at you. The bolt of poison hits you!!
You are poisoned.
As you read the scroll of teleportation, it crumbles to dust.
You feel strangely unstable.
You feel very sick. Jorgrun casts a spell past you.
The wall shatters!
The blast of rock fragments hits you!!!
* * * LOW HITPOINT WARNING * * *
Aizul is engulfed in freezing vapours.
Aizul coils herself and waves her upper body at you.
The poison arrow hits you!!!
You are lethally poisoned!
You die...

....... #.## ...........
#)## .......... ##..#
......... #..## .......####
#..## #........# ### #...#
#......☼.##..# ##...#
##...☼#.....# ###....#
####..S§..@##.### ##.>.....
........☼#####..###........
....g.°..## #.............
..........# #............#
..........# ##...........#
.........## ##..........#
........## ....##......#
........# .....#.......#
......### #..............


You could see Aizul and Jorgrun.

Vanquished Creatures
  Kirke (D:12)
  An orc warlord (Orc:2)
  Snorg (D:13)
  2 bunyips (Swamp:1)
  An eleionoma (Swamp:1)
  Josephine (Swamp:1)
  An ettin (Orc:1)
  A fire dragon (Lair:6)
  4 vault guards (D:14)
  Erolcha (D:13)
  3 rakshasas
  A boulder beetle (D:11)
  2 naga warriors (Snake:1)
  2 centaur warriors
  6 two-headed ogres
  An ogre mage (D:14)
  7 hydras
  3 anacondas (Snake:1)
  2 tengu warriors (D:14)
  3 death yaks (Lair:5)
  4 alligators
  5 orc high priests (Orc:2)
  The ghost of curvature the Covert, a journeyman SpEn of Dithmenos (Orc:1)
  2 shock serpents (Snake:1)
  7 slime creatures
  Sonja (Lair:2)
  A fire crab (Lair:6)
  A deep elf knight (D:14)
  A naga ritualist (Snake:1)
  A lindwurm (Lair:6)
  6 orc knights
  A will-o-the-wisp (Swamp:1)
  A salamander (shapeshifter) (D:13)
  6 orc sorcerers
  3 deep elf pyromancers
  5 salamanders
  7 ugly things
  3 mana vipers (Snake:1)
  2 manticores
  8 cyclopes
  5 elephants (Lair:4)
  8 black mambas
  2 gargoyles
  11 cane toads
  3 naga magi (Snake:1)
  A cane toad (shapeshifter) (D:14)
  3 molten gargoyles (Lair:6)
  3 unseen horrors
  An efreet (D:13)
  4 rime drakes
  A yaktaur (D:14)
  12 komodo dragons
  2 tengu conjurers
  10 trolls
  A queen bee (D:11)
  A tyrant leech (Swamp:1)
  11 blink frogs
  8 hornets
  2 polar bears
  7 dream sheep (Lair:6)
  Prince Ribbit (D:6)
  A centaur simulacrum (D:14)
  4 spriggans (Swamp:1)
  6 wraiths
  A water elemental (D:11)
  43 yaks
  A shadow (D:12)
  2 wyverns
  2 fire bats (Volcano)
  5 steam dragons
  A human (D:14)
  2 vampire mosquitoes (D:11)
  6 basilisks
  2 wargs (Orc:1)
  6 nagas
  An acid dragon (D:9)
  13 water moccasins
  4 swamp worms (Swamp:1)
  8 hell hounds
  50 orc warriors
  3 black bears
  A sky beast (D:5)
  A hornet zombie (D:8)
  An ice beast (D:5)
  10 wolves
  9 centaurs
  9 ogres
  4 phantoms
  A kobold brigand (D:7)
  A gnoll sergeant (D:10)
  15 bullfrogs
  2 scorpions
  A wyvern skeleton (D:7)
  A troll zombie (D:12)
  A water moccasin skeleton (D:6)
  17 killer bees (D:11)
  9 electric eels
  5 lava snakes (Lair:6)
  5 centaur zombies
  3 hounds
  6 jellies
  31 orc priests
  A bullfrog skeleton (D:7)
  A centaur skeleton (D:7)
  Ijyb (D:3)
  3 iguanas
  Natasha (twice) (D:3)
  16 orc wizards
  7 hell rats (Lair:2)
  2 killer bee zombies
  6 ogre zombies (D:12)
  A howler monkey zombie (D:6)
  16 gnolls
  6 adders
  A shadow imp (D:7)
  An ufetubus (D:3)
  4 dart slugs
  98 orcs
  5 bats
  20 endoplasms
  15 goblins
  14 hobgoblins
  6 jackals (D:2)
  4 quokkas
  6 ball pythons
  A frilled lizard (D:3)
  3 goblin skeletons (D:12)
  4 goblin zombies (D:12)
  A hobgoblin skeleton (D:12)
  A hobgoblin zombie (D:12)
  17 kobolds
  4 orc skeletons (D:12)
  12 orc zombies (D:12)
  3 rats
783 creatures vanquished.

Vanquished Creatures (others)
  An ogre zombie (D:12)
  2 foxfires (Swamp:1)
  45 fungi
  42 plants
90 creatures vanquished.

Grand Total: 873 creatures vanquished

Notes
Turn   | Place    | Note
-------+----------+-------------------------------------------
     0 | D:1      | GeorgeSoros the Merfolk Ice Elementalist began the quest
                  | for the Orb.
     0 | D:1      | Reached XP level 1. HP: 13/13 MP: 3/3
   303 | D:1      | Reached XP level 2. HP: 20/20 MP: 5/5
   367 | D:1      | Reached skill level 1 in Fighting
  1400 | D:2      | Reached XP level 3. HP: 17/26 MP: 2/6
  1611 | D:2      | Learned a level 3 spell: Frozen Ramparts
  2037 | D:2      | Reached skill level 5 in Ice Magic
  2037 | D:2      | Reached XP level 4. HP: 29/33 MP: 3/7
  2106 | D:2      | Found a faded altar of an unknown god.
  2372 | D:3      | Noticed Natasha
  2418 | D:3      | Killed Natasha
  2970 | D:3      | Reached XP level 5. HP: 34/39 MP: 3/8
  3249 | D:3      | Noticed Ijyb
  3338 | D:3      | Killed Ijyb
  3339 | D:3      | Reached skill level 1 in Polearms
  3468 | D:3      | Identified a scroll of acquirement
  3468 | D:3      | Acquired 776 gold pieces
  3915 | D:3      | Noticed Natasha
  3921 | D:3      | Killed Natasha
  4292 | D:4      | Reached XP level 6. HP: 47/47 MP: 9/9
  4315 | D:4      | Identified the +5 war axe "Beetle's Demise" {flame, *Rage
                  | rC+ MP+9}
  4397 | D:4      | Learned a level 3 spell: Ozocubu's Armour
  4504 | D:4      | Found a bloodstained altar of Trog.
  4572 | D:4      | Reached skill level 5 in Dodging
  4572 | D:4      | Reached skill level 1 in Evocations
  4747 | D:4      | Found a burning altar of Makhleb.
  4747 | D:4      | Found a shimmering altar of Xom.
  4747 | D:4      | Found a shimmering blue altar of Sif Muna.
  4915 | D:4      | Reached skill level 6 in Ice Magic
  4915 | D:4      | Reached XP level 7. HP: 17/53 MP: 7/10
  5591 | D:5      | Entered Level 5 of the Dungeon
  5773 | D:5      | Reached skill level 5 in Fighting
  5773 | D:5      | Reached XP level 8. HP: 17/62 MP: 5/11
  5777 | D:5      | Reached skill level 5 in Polearms
  5779 | D:5      | Reached skill level 7 in Ice Magic
  6139 | D:5      | Found a large runed translucent door.
  6139 | D:5      | Found a large runed translucent door.
  6141 | D:5      | Noticed Caerwyn's ghost (amateur DjFE)
  6208 | D:5      | Identified the +6 falchion "Gyhoc" {vorpal, *Noise rC-
                  | Will+++ Str+9}
  6464 | D:6      | Found a hazy altar of Hepliaklqana.
  6648 | D:6      | Found a white marble altar of Elyvilon.
  6777 | D:6      | Found Ceusedie's Magic Scroll Shop.
  6782 | D:6      | Bought a scroll of identify for 22 gold pieces
  6782 | D:6      | Bought a scroll of identify for 22 gold pieces
  6782 | D:6      | Bought a scroll of enchant weapon for 82 gold pieces
  6782 | D:6      | Bought a scroll of enchant armour for 82 gold pieces
  6788 | D:6      | Bought a scroll of magic mapping for 38 gold pieces
  6788 | D:6      | Bought a scroll of teleportation for 33 gold pieces
  6788 | D:6      | Bought a scroll of teleportation for 33 gold pieces
  6788 | D:6      | Bought a scroll of teleportation for 33 gold pieces
  6846 | D:6      | Noticed Prince Ribbit
  6865 | D:6      | Killed Prince Ribbit
  7022 | D:6      | Reached skill level 8 in Ice Magic
  7022 | D:6      | Reached XP level 9. HP: 56/71 MP: 8/12
  7671 | D:7      | Found a staircase to the Ecumenical Temple.
  7754 | Temple   | Entered the Ecumenical Temple
  7845 | Temple   | Became a worshipper of Qazlal Stormbringer
  8054 | D:7      | Noticed a hornet
  8057 | D:7      | Paralysed by a hornet for 2 turns
  8061 | D:7      | Killed a hornet
  8062 | D:7      | Reached skill level 1 in Invocations
  8847 | D:8      | Noticed a two-headed ogre
  8860 | D:8      | Killed a two-headed ogre
  8949 | D:8      | Found a radiant altar of Vehumet.
  8978 | D:8      | Reached skill level 9 in Ice Magic
  9335 | D:8      | Noticed a hornet
  9342 | D:8      | Paralysed by a hornet for 2 turns
  9343 | D:8      | Killed a hornet
  9344 | D:8      | Reached XP level 10. HP: 75/80 MP: 5/13
  9903 | D:9      | You fall into a shaft and drop 2 floors!
 10133 | D:10     | Entered Level 10 of the Dungeon
 10151 | D:10     | Noticed a two-headed ogre
 10164 | D:10     | Killed a two-headed ogre
 10726 | D:9      | Identified the +6 hand axe of the Peculiar Ships {vorpal,
                  | rC+ Str+3}
 10728 | D:9      | Found an ornate altar of the Wu Jian Council.
 10772 | D:9      | Reached skill level 10 in Polearms
 11012 | D:9      | Reached skill level 1 in Shields
 11230 | D:10     | Reached * piety under Qazlal
 11803 | D:10     | Killed an unseen horror
 11804 | D:10     | Reached skill level 5 in Invocations
 11804 | D:10     | Reached XP level 11. HP: 61/87 MP: 4/14
 12130 | D:10     | Reached skill level 10 in Ice Magic
 12240 | D:10     | Found an ancient bone altar of Kikubaaqudgha.
 12317 | D:10     | Found a staircase to the Lair.
 12540 | Lair:1   | Entered Level 1 of the Lair of Beasts
 12564 | Lair:1   | Found a frozen archway.
 12601 | Lair:1   | Noticed a seven-headed hydra
 12646 | Lair:1   | Found a dark tunnel.
 12652 | Volcano  | Entered a volcano
 12769 | Volcano  | Noticed a two-headed ogre
 12769 | Volcano  | Noticed a salamander
 12776 | Volcano  | Killed a salamander
 12776 | Volcano  | Killed a two-headed ogre
 12910 | Volcano  | Noticed a salamander
 12910 | Volcano  | Noticed a salamander
 12929 | Volcano  | Killed a salamander
 12930 | Volcano  | Reached skill level 5 in Evocations
 12938 | Volcano  | Killed a salamander
 13325 | Lair:1   | Reached ** piety under Qazlal
 13373 | Lair:1   | Killed a five-headed hydra
 13900 | Lair:1   | Reached skill level 11 in Ice Magic
 13993 | Lair:1   | Reached XP level 12. HP: 93/94 MP: 13/17
 15500 | Lair:2   | Reached *** piety under Qazlal
 15781 | Lair:2   | Noticed Sonja
 15783 | Lair:2   | Killed Sonja
 16445 | Lair:3   | Found a staircase to the Snake Pit.
 16523 | Lair:3   | Reached XP level 13. HP: 101/101 MP: 19/19
 17028 | Lair:4   | Found a staircase to the Swamp.
 17209 | Lair:4   | Reached skill level 12 in Ice Magic
 17440 | Lair:4   | Reached XP level 14. HP: 91/108 MP: 10/20
 17532 | Lair:4   | Reached **** piety under Qazlal
 18534 | Lair:5   | Reached skill level 10 in Fighting
 18588 | Lair:5   | Found a runed translucent door.
 18588 | Lair:5   | Found a viscous altar of Jiyva.
 18589 | Lair:5   | Found a staircase to the Slime Pits.
 18996 | Lair:5   | Identified the Tome of Noxious Heat
 19032 | Lair:6   | Entered Level 6 of the Lair of Beasts
 19274 | Lair:5   | Reached skill level 10 in Invocations
 19295 | Lair:6   | Learned a level 4 spell: Cause Fear
 19558 | Lair:6   | Reached skill level 1 in Hexes
 20016 | Lair:6   | Reached ***** piety under Qazlal
 20017 | Lair:6   | Reached skill level 13 in Ice Magic
 20773 | Lair:6   | Found a large runed translucent door.
 20774 | Lair:6   | Found a large runed translucent door.
 22528 | D:11     | Reached skill level 5 in Hexes
 22707 | D:11     | Found a portal to a secret trove of treasure.
 22927 | D:12     | Reached XP level 15. HP: 115/115 MP: 18/23
 23026 | D:12     | Found a staircase to the Orcish Mines.
 23035 | D:12     | Acquired 640 gold pieces
 23528 | D:12     | Found a stormy altar of Qazlal.
 23541 | D:12     | Reached skill level 14 in Ice Magic
 23696 | D:12     | Noticed Kirke
 23706 | D:12     | Killed Kirke
 23706 | D:12     | Reached ****** piety under Qazlal
 23781 | D:12     | You fall into a shaft and drop 1 floor!
 23842 | D:13     | Noticed Snorg
 23844 | D:13     | Identified the ring of Accord {rN+++ Will- EV+4 Str+4
                  | Slay+3}
 23855 | D:13     | Killed Snorg
 23994 | D:13     | Found Leblomie's Magic Scroll Shop.
 24638 | Orc:1    | Entered Level 1 of the Orcish Mines
 25161 | Orc:2    | Entered Level 2 of the Orcish Mines
 25934 | Orc:2    | Found a staircase to the Elven Halls.
 26010 | Orc:2    | Paralysed by an orc sorcerer for 3 turns
 26182 | Orc:2    | Noticed an orc warlord
 26211 | Orc:2    | Killed an orc warlord
 27284 | Orc:2    | Found Foareakuch's Jewellery Shoppe.
 27496 | Orc:2    | Found Qopo Dyi's Book Emporium.
 27602 | Orc:2    | Reached skill level 15 in Ice Magic
 27736 | Orc:2    | Bought a book of Ice for 1040 gold pieces
 27744 | Orc:2    | Learned a level 7 spell: Ozocubu's Refrigeration
 28315 | Orc:2    | Found Zuxeseta's Assorted Antiques.
 28323 | Orc:2    | Bought a bubbling sapphire potion for 24 gold pieces
 28323 | Orc:2    | Bought a scroll of enchant armour for 202 gold pieces
 28323 | Orc:2    | Bought a scroll of identify for 54 gold pieces
 28349 | Orc:2    | Found Ybupuav's Assorted Antiques.
 28745 | Orc:1    | Found a runed translucent door.
 28747 | Orc:1    | Noticed curvature's ghost (journeyman SpEn)
 28767 | Orc:1    | Killed curvature's ghost
 28926 | Orc:2    | Bought the amulet of the Four Winds {rN+ Will+++ Clar} for
                  | 526 gold pieces
 28926 | Orc:2    | Found the amulet of the Four Winds {rN+ Will+++ Clar}
 28926 | Orc:2    | Bought the amulet of Umapt {Acrobat rElec rCorr} for 595
                  | gold pieces
 29085 | D:13     | Reached XP level 16. HP: 122/122 MP: 18/26
 29137 | D:13     | Found Sisoco's Book Shop.
 29138 | D:13     | Found Hasa's General Store.
 29337 | D:13     | Noticed Erolcha
 29347 | D:13     | Killed Erolcha
 29360 | D:13     | Found Kefeto's Jewellery Shop.
 29494 | D:13     | Found Mywonese's Antique Weapon Boutique.
 29995 | D:14     | Found a hide-covered altar of Uskayaw.
 30000 | D:14     | Found a corrupted altar of Lugonu.
 30258 | D:14     | Reached skill level 16 in Ice Magic
 30286 | D:14     | Found a gate to the Vaults.
 30485 | D:14     | Found Fooneluo's Fabulous Fripperies.
 30809 | Swamp:1  | Entered Level 1 of the Swamp
 30809 | Swamp:1  | Noticed Josephine
 31075 | Swamp:1  | Killed Josephine
 32374 | Snake:1  | Entered Level 1 of the Snake Pit
 32868 | Snake:1  | Upgraded the game from 0.27-a0-1081-ge8a0a9c to
                  | 0.27-a0-1082-g8197cba
 33034 | Snake:1  | Found Sulanu's Antique Weapon Shoppe.
 33198 | Snake:1  | Reached skill level 5 in Spellcasting
 33907 | Snake:1  | Noticed Jorgrun
 33908 | Snake:1  | Noticed Aizul
 33913 | Snake:1  | Killed from afar by Aizul

Illustrated notes

Levels and vault maps discovered:
D:1:      dpeg_chamrin_arrival_tetris, layout_basic, minivault_26
D:2:      layout_loops_ring, chequers_ecumenical_altar_simple
D:3:      layout_basic, st_stairs_12, palyth_stone_intersect,
          grunt_ministairs_2, serial_park_tiny_2, uniq_natasha, uniq_ijyb
D:4:      corexii_shantytown, layout_gridville, amcnicky_altar_gilded,
          chequers_temple_overflow_statue_of_worship, minmay_strange_pillars,
          patterned_corridor
D:5:      layout_rooms, ebering_ghost_disaster_area
D:6:      minmay_spotlight, layout_rooms, nicolae_hepliaklqana_hazy_memory,
          lemuel_round_altar, serial_shops, shop, uniq_prince_ribbit1
D:7:      layout_loops_cross, temple_fountains, kennysheep_generic_room_4
D:8:      layout_basic, vehumet_statue
D:9:      layout_basic, nicolae_overflow_hidden_temple
D:10:     layout_loops_corners, kennysheep_mini_moat,
          grunt_lair_entry_orc_guard_hut
D:11:     layout_basic, enter_trove_2, serial_glass, glass_columns_a,
          glass_columns_a, minivault_7
D:12:     layout_gridville, zombieorc2_lemuel, serial_glass, glass_columns_a,
          glass_columns_a, glass_columns_a, glass_columns_b,
          nicolae_qazlal_style_of_elements, uniq_kirke
D:13:     layout_roguey, serial_shops, shop, shop, nicolae_shop_behind_doors,
          shop_statue, shop, minmay_misc_feat_diagonals, uniq_erolcha,
          uniq_snorg
D:14:     layout_cave_pools, grunt_vaults_entry_fortified,
          nicolae_uskayaw_en_pointe, nicolae_alphabet_shops,
          minmay_misc_feat_square, tgw_lugonu_bribe
Temple:   cyrus_circular_temple
Lair:1:   layout_roguey, enter_volcano_3, portal_ice_cave_entry_pillars_1,
          infiniplex_staircase_pool_2
Lair:2:   layout_regular_city, dpeg_stationary_puzzle, lemuel_fruit_tree,
          uniq_sonja
Lair:3:   layout_chaotic_city, minmay_snake_entry_guardpost_small,
          minmay_lair_oklob_chamber
Lair:4:   lemuel_slime, layout_cave_pods, swamp_mist_pool
Lair:5:   layout_misc_corridors, slime_altar_2, infiniplex_staircase_pool,
          grunt_megastairs_3, lemuel_fruit_fields
Lair:6:   cheibrodos_lair_end_hotspot, layout_long_grid
Swamp:1:  layout_basic_swamp, evilmike_swamp_ruin_rubble_1, uniq_josephine
Swamp:2:  layout_falls_marsh, nicolae_swamp_bean_lake, swamp_pool5, uniq_louise
Snake:1:  layout_chambers, serial_shops, nicolae_shop_statue_plus,
          grunt_megastairs_4, minmay_shop_grove, uniq_aizul, uniq_jorgrun
Orc:1:    layout_diamond_mine, ebering_ghost_inner_flame, nicolae_orc_rockfall
Orc:2:    pubby_orc_utopia

Skill      XL: |  1  2  3  4  5  6  7  8  9 10 11 12 13 14 15 16 |
---------------+-------------------------------------------------+-----
Dodging        | 3 4 5 6 7 12 14 | 14.2
Fighting       | 1 2 3 5 6 7 8 9 10 | 10.0
Ice Magic      | 5 6 8 9 11 12 13 15 16 | 16.6
Polearms       | 1 3 4 7 9 10 12 13 14 | 14.2
Evocations     | 1 3 6 7 |  7.0
Invocations    | 3 5 7 8 9 11 13 14 | 14.0
Shields        | 4 |  4.6
Hexes          | 5 8 |  8.1
Spellcasting   | 5 |  5.3
Stealth        | |  2.1

Action                   |  1- 3 |  4- 6 |  7- 9 | 10-12 | 13-15 | 16-18 || total
-------------------------+-------+-------+-------+-------+-------+-------++-------
Melee: Dagger            |     7 |     5 |       |       |       |       ||    12
       Spear             |       |    99 |       |       |       |       ||    99
       Unarmed           |       |     5 |       |       |     2 |       ||     7
       Trident           |       |     8 |   228 |   366 |  1325 |   331 ||  2258
       War axe           |       |       |     4 |     2 |    12 |       ||    18
       Tailslap          |       |       |       |     1 |    10 |     2 ||    13
Throw: Dart              |       |     4 |    18 |     6 |       |       ||    28
 Cast: Freeze            |    43 |    29 |    10 |    19 |       |       ||   101
       Frozen Ramparts   |       |    14 |    22 |    46 |   148 |    32 ||   262
       Ozocubu's Armour  |       |     1 |    10 |    36 |    86 |    25 ||   158
       Ozocubu's Refrige |       |       |       |       |       |    30 ||    30
Evoke: Wand              |       |       |     3 |     7 |       |       ||    10
       Lightning rod     |       |       |       |       |     2 |       ||     2
  Use: Scroll            |     6 |     6 |    12 |    10 |     5 |     1 ||    40
       Potion            |       |       |     4 |     2 |     1 |     1 ||     8
 Stab: Sleeping          |     3 |    14 |     6 |     1 |       |       ||    24
Armor: Robe              |     2 |       |       |       |       |       ||     2
       Leather armour    |     2 |    15 |    88 |    95 |   134 |    45 ||   379
       Skin              |       |       |       |       |     1 |       ||     1
Dodge: Dodged            |    19 |    58 |   177 |   179 |   303 |   113 ||   849
       Repelled          |       |       |       |       |     9 |    10 ||    19
Block: Buckler           |       |       |       |    68 |   415 |   133 ||   616
       Reflection        |       |       |       |       |    18 |    11 ||    29

Table legend: (Time is in decaauts)
 A = Elapsed time spent in this place.
 B = Non-inter-level travel time spent in this place.
 C = Inter-level travel time spent in this place.
 D = Time resting spent in this place.
 E = Time spent auto-exploring this place.
 F = Levels seen in this place.
 G = Mean time per level.
                   A        B        C        D        E       F      G
               +--------+--------+--------+--------+--------+-----+--------+
         Total |  32990 |  31608 |   1382 |   2207 |  23950 |  27 | 1221.9 |
       Dungeon |  17045 |  16273 |    772 |    931 |  12755 |  14 | 1217.5 |
        Temple |    106 |     92 |     14 |      0 |     43 |   1 |  106.0 |
          Lair |   8679 |   8303 |    376 |    799 |   6133 |   6 | 1446.5 |
         Swamp |    890 |    846 |     44 |      0 |    694 |   2 |  445.0 |
     Snake Pit |   1485 |   1485 |      0 |      5 |   1253 |   1 | 1485.0 |
  Orcish Mines |   4191 |   4017 |    174 |    361 |   2653 |   2 | 2095.5 |
       Volcano |    590 |    590 |      0 |    111 |    417 |   1 |  590.0 |
               +--------+--------+--------+--------+--------+-----+--------+

Top non-repeatable levels by time:
   Orc:2: 2917 daAuts
  Lair:6: 1916 daAuts
  Lair:4: 1869 daAuts
     D:4: 1655 daAuts
  Lair:1: 1632 daAuts
     D:3: 1567 daAuts
    D:10: 1537 daAuts
    D:11: 1517 daAuts
 Snake:1: 1485 daAuts
     D:8: 1417 daAuts
     D:2: 1402 daAuts
    D:12: 1333 daAuts
  Lair:2: 1294 daAuts
   Orc:1: 1274 daAuts
     D:1: 1084 daAuts
